Cogmind - Beta 17 @@@ ROGUE MODE // 2026.07.25 @ 21:19:52 Player: Ren Result: Destroyed by O2-PI1(R) with Subdweller Laser Performance ------------- Evolutions (0) 0 Regions Visited (2) 400 Robots Destroyed (22) 110 Value Destroyed (426) 426 Prototype IDs (14) 280 Alien Tech Used (0) 0 Bonus (0) 0 TOTAL SCORE: 1216 Bonus ------- None Cogmind --------- Core Integrity 0/250 Matter 76/300 Energy 200/200 System Corruption 0% Temperature Cool (6) Movement Rolling (110) Location -10/Subcaves Parts ------- > --- POWER (1) -------- Subdweller Power Source > --- PROPULSION (2) --- Subdweller Monowheel > --- UTILITY (2) ------ Small Storage Unit > --- WEAPON (2) ------- Barrage Gun > --- INVENTORY (8) ---- Aluminum Leg Aluminum Leg Visual Processing Unit Signal Interpreter Improved Terrain Scanner Tower Shield Peak State ------------ > --- POWER ------------ Subdweller Power Source > --- PROPULSION ------- Aluminum Leg Subdweller Monowheel > --- UTILITY ---------- Small Storage Unit Light Armor Plating > --- WEAPON ----------- Barrage Gun Battle Cannon > --- INVENTORY -------- Aluminum Leg Wheel Wheel Structural Scanner Visual Processing Unit Signal Interpreter Improved Terrain Scanner Seismic Detector [Rating: 13] Favorites ----------- Power Ion Engine Engine Ion Engine Propulsion Wheel Leg Aluminum Leg Wheel Wheel Utility Small Storage Unit Device Seismic Detector Storage Small Storage Unit Protection Light Armor Plating Weapon Barrage Gun Energy Gun EM Pulse Gun Energy Cannon Beam Cannon Ballistic Gun Barrage Gun Ballistic Cannon Battle Cannon Special Weapon Mining Laser Build | -11 -10 -10 ------- Run | Yrd Mat Sub Slots Evolved . | . . . Power . | . . . Propulsion . | . . . Utility . | . . . Weapon . | . . . Parts Attached 21 | 8 4 9 Power 3 | 1 . 2 Engine 3 | 1 . 2 Core . | . . . Reactor . | . . . Propulsion 8 | 3 1 4 Treads . | . . . Leg 2 | . . 2 Wheel 6 | 3 1 2 Hover . | . . . Flight . | . . . Utility 4 | 2 1 1 Device 2 | 1 . 1 Storage 1 | 1 . . Processor . | . . . Hackware . | . . . Protection 1 | . 1 . Artifact . | . . . Weapon 6 | 2 2 2 Energy Gun 1 | 1 . . Energy Cannon 1 | . 1 . Ballistic Gun 2 | 1 . 1 Ballistic Cannon 1 | . . 1 Launcher . | . . . Special Weapon 1 | . 1 . Impact Weapon . | . . . Slashing Weapon . | . . . Piercing Weapon . | . . . Special Melee Weapon . | . . . Unidentified Prototypes . | . . . Parts Lost 7 | . . 7 Power 1 | . . 1 Propulsion 1 | . . 1 Utility 3 | . . 3 Weapon 2 | . . 2 Highest Loss Streak 2 | . . 2 To Critical Strikes 1 | . . 1 Average Backups 7 | 1 6 7 Power . | . . . Propulsion 2 | 1 3 2 Utility 4 | . 3 4 Weapon . | . . . Tool/Special . | . . . Unused Backups 4 | . . 4 Power . | . . . Propulsion . | . . . Utility 4 | . . 4 Weapon . | . . . Tool/Special . | . . . Average Slot Usage (%) 97 | . 100 96 Engine 13 | . 14 13 Leg 2 | . . 3 Wheel 25 | . 28 24 Device 11 | . 12 10 Storage 14 | . 14 14 Protection 1 | . 1 1 Energy Gun 1 | . 6 . Energy Cannon 5 | . 7 5 Ballistic Gun 13 | . 14 13 Ballistic Cannon 4 | . . 6 Peak Build Rating 13 | 7 8 13 Average Rating 9 | 5 7 11 On Entrance 5 | . 7 8 Avg Prop Armor Cover (%) . | . . . Naked Turns . | . . . Heaviest Build 19 | 14 17 19 Greatest Support 30 | 26 20 30 Greatest Overweight (x) 1 | 1 . . Average Overweight (x) . | . . . Largest Inventory Capacity 8 | 8 8 8 Average Capacity 7 | 7 8 8 Most Carried 8 | 6 8 8 Average Carried 7 | 1 6 7 Final Capacity 8 | 8 8 8 Final Carried 8 | 5 8 7 Class Distribution -------------------- 88% | Mutant 11% | Scavenger-Mutant Dominant Class ---------------- Mutant | -10/Materials Mutant | -10/Subcaves Resources | -11 -10 -10 ----------- Run | Yrd Mat Sub Matter Collected 807 | 204 94 509 Remotely . | . . . Salvage Created 596 | 124 187 285 Parts 50 | 13 17 20 Haulers Intercepted . | . . . Recyclers Shooed . | . . . Parts Field Recycled . | . . . Retrieved Matter . | . . . Parts Self-Destructed . | . . . Prevented . | . . . Parts Restored . | . . . Kills | -11 -10 -10 ------- Run | Yrd Mat Sub Combat Hostiles Destroyed 13 | . 6 7 Guns 2 | . 1 1 Cannons 11 | . 5 6 Classes Destroyed 7 | 2 3 2 Tunneler 5 | 4 1 . Recycler 1 | 1 . . Mechanic 1 | . 1 . Watcher 2 | . 2 . Swarmer 6 | . 6 . Cobbler 1 | . . 1 Subdweller 7 | . . 7 Best Kill Streak 6 | 5 6 1 Combat Bots Only 6 | . 6 1 Max Kills in Single Turn 1 | 1 1 1 Gunslinging . | . . . Exploded . | . . . Melee . | . . . Uniques/NPCs Destroyed . | . . . Combat | -11 -10 -10 -------- Run | Yrd Mat Sub Hostile Shots Fired 98 | . 28 70 Missed 32 | . 8 24 Hits 66 | . 20 46 Projectile 66 | . 20 46 Critical Strikes 2 | . . 2 Damage Taken 1116 | 8 161 947 Core 262 | . 14 248 Absorbed by Shields . | . . . Core Remaining (%) 100 | 100 . . Volleys Fired 110 | 11 46 53 Largest 2 | 2 2 2 Hottest 120 | 60 120 88 Shots Fired 215 | 22 92 101 Gun 136 | 22 65 49 Cannon 78 | . 26 52 Launcher . | . . . Special 1 | . 1 . Kinetic 132 | 11 46 75 Thermal 53 | . 27 26 Explosive . | . . . Electromagnetic 30 | 11 19 . Robot Hit Streak 10 | 7 6 10 Robot Miss Streak 3 | 1 3 2 Penetration Max . | . . . Secondary Targets . | . . . Shots Hit Robots 117 | 17 38 62 Core Hits 40 | 6 16 18 Critical Kills . | . . . Critical Parts Destroyed . | . . . Critical Strikes 1 | . 1 . Corrupt 1 | . 1 . Melee Attacks . | . . . Impact . | . . . Slashing . | . . . Piercing . | . . . Sneak Attacks . | . . . Combat Hostiles . | . . . Follow-up Attacks . | . . . Damage Inflicted 1807 | 228 537 1042 Guns 947 | 182 325 440 Cannons 814 | . 212 602 Explosions 46 | 46 . . Melee . | . . . Ramming . | . . . Kinetic 1058 | 60 148 850 Thermal 450 | 46 212 192 Explosive . | . . . Electromagnetic 299 | 122 177 . Impact . | . . . Slashing . | . . . Piercing . | . . . Highest Corruption . | . . . Average Corruption . | . . . Corruption Purged . | . . . Corruption Blocked . | . . . Overload Shots . | . . . Overflow Damage . | . . . Projectiles . | . . . Explosions . | . . . Melee . | . . . Knockbacks 8 | . . 8 Impact . | . . . Kinetic 8 | . . 8 Secondary . | . . . Self-Inflicted Damage 8 | 8 . . Shots 1 | 1 . . Rammed . | . . . Targets Rammed . | . . . Kicked . | . . . Crushed . | . . . Highest Temperature 208 | 40 208 14 Average Temperature 43 | 23 52 7 Received Heat Transfer 204 | . . 204 Siege Activations . | . . . Martial Activations . | . . . Shielding Activations . | . . . Robots Disrupted . | . . . Combat Hostiles . | . . . Robots Corrupted . | . . . Combat Hostiles . | . . . Parts Fried . | . . . Impact Corruptions . | . . . Robots Melted . | . . . Combat Hostiles . | . . . Parts Melted 2 | . . 2 Heat Transferred 901 | 50 444 407 Parts Sabotaged . | . . . Parts Stolen . | . . . Parts Stripped . | . . . Power Chain Reactions 1 | 1 . . Alert | -11 -10 -10 ------- Run | Yrd Mat Sub Maximum Alert Level . | . . . Low Security (%) 100 | 100 100 . Level 1 . | . . . Level 2 . | . . . Level 3 . | . . . Level 4 . | . . . Level 5 . | . . . High Security . | . . . Max Security . | . . . Peak Influence 126 | 10 126 . Initial . | . . . Average 32 | 1 37 . Influence Increases 220 | 25 195 . Destroy 0b10 Robot/C 120 | . 120 . Destroy 0b10 Robot/NC 45 | 25 20 . Destroy Leader 24 | . 24 . Destroy Structure 1 | . 1 . Lose Combat Pursuer 30 | . 30 . Influence Decreases 220 | 25 150 45 Entered New Map 22 | . . 22 Time Decay 198 | 25 150 23 Squads Dispatched 1 | . 1 . Investigation . | . . . Extermination . | . . . Reinforcement 1 | . 1 . Assault . | . . . Garrison . | . . . Intercept . | . . . Searches Triggered . | . . . Construction Impeded . | . . . Haulers Reinforced . | . . . Active Scanning Responses . | . . . Cargo Convoy Interrupts . | . . . Stealth | -11 -10 -10 --------- Run | Yrd Mat Sub Distress Signals . | . . . Communications Jammed . | . . . Distress Signals . | . . . Times Spotted 29 | . 15 14 Peak Tracking Total 5 | . 4 5 Tactical Retreats 4 | . 2 2 Traps | -11 -10 -10 ------- Run | Yrd Mat Sub Traps Triggered 3 | . 3 . Indirectly . | . . . Trap Hack Attempts . | . . . Triggered . | . . . Disarmed . | . . . Reprogrammed . | . . . Reused . | . . . Traps Extracted . | . . . Installed . | . . . Triggered . | . . . Machines | -11 -10 -10 ---------- Run | Yrd Mat Sub Machines Disabled 1 | . . 1 Max in Single Turn 1 | . . 1 Machines Repaired . | . . . Machines Dismantled . | . . . Machines Sabotaged . | . . . Overloaded Fab Kills . | . . . Hacking | -11 -10 -10 --------- Run | Yrd Mat Sub Machines Accessed 2 | . 1 1 Terminals 1 | . 1 . Fabricators . | . . . Repair Stations . | . . . Recycling Units . | . . . Scanalyzers . | . . . Garrison Access . | . . . Total Hacks 4 | . 3 1 Successful 2 | . 1 1 Failed 2 | . 2 . Catastrophic . | . . . Database Lockouts . | . . . Manual 3 | . 3 . Terminals 3 | . 3 . Fabricators . | . . . Repair Stations . | . . . Recycling Units . | . . . Scanalyzers . | . . . Garrison Access . | . . . Terminal Hacks 1 | . . 1 Proto ID Catalog 1 | . . 1 Fabricator Hacks . | . . . Repair Station Hacks . | . . . Recycling Unit Hacks . | . . . Scanalyzer . | . . . Garrison Access Hacks . | . . . Unauthorized Hacks 1 | . 1 . Terminals 1 | . 1 . Botnet 1 | . 1 . Fabricators . | . . . Repair Stations . | . . . Recycling Units . | . . . Scanalyzers . | . . . Garrison Access . | . . . Data Cores Recovered . | . . . Used . | . . . Hacking Detections 1 | . 1 . Full Trace Events . | . . . Feedback Events . | . . . Feedback Blocked . | . . . Robot Schematics Acquired . | . . . Robots Built . | . . . Authchips . | . . . Time . | . . . Total Robot Build Rating . | . . . Part Schematics Acquired . | . . . Parts Built . | . . . Authchips . | . . . Time . | . . . Total Part Build Rating . | . . . Part Studies Acquired . | . . . Parts Repaired . | . . . Time . | . . . Parts Recycled . | . . . Recycled Matter . | . . . Retrieved Matter . | . . . Retrieved Components . | . . . Parts Scanalyzed . | . . . Part Schematics Acquired . | . . . Parts Damaged . | . . . Bothacking | -11 -10 -10 ------------ Run | Yrd Mat Sub Used RIF Installer . | . . . Robots Hacked . | . . . Non-combat . | . . . Combat . | . . . Robot Hacks Applied . | . . . Relay Couplers Released . | . . . Fabnet Peak Effective % . | . . . Robots Rewired . | . . . Allies Hacked . | . . . Hacks Repelled . | . . . Allies | -11 -10 -10 -------- Run | Yrd Mat Sub Total Allies . | . . . Largest Group . | . . . Highest-Rated Group . | . . . Highest-Rated Ally . | . . . Total Orders . | . . . Ally Attacks . | . . . Total Damage . | . . . Kills . | . . . Allies Corrupted . | . . . Allies Melted . | . . . Intel | -11 -10 -10 ------- Run | Yrd Mat Sub Active Infowar (turns) 1727 | 1 469 1257 Structural 463 | . . 463 Seismic 1264 | 1 469 794 Robot Analysis Total . | . . . Derelict Logs Recovered 2 | . . 2 Drone Launches . | . . . Drone Recoveries . | . . . Exploration | -11 -10 -10 ------------- Run | Yrd Mat Sub Turns Passed 2237 | 97 522 1618 Spaces Moved 2059 | 57 461 1541 Core 3 | 3 . . Treads . | . . . Legs 117 | . . 117 Wheels 1939 | 54 461 1424 Hover . | . . . Flight . | . . . Fastest Speed 50 | 50 80 80 Average Speed 87 | 87 80 89 Slowest Speed 120 | 100 80 120 Overloaded Moves . | . . . Propulsion Burnouts . | . . . Robots Hopped . | . . . Potential Cave-ins . | . . . Cave-ins Triggered . | . . . Exploration Rate (%) 42 | 3 51 74 Regions Visited 2 Branch Regions 1 Pre-discovered Areas . | . . . Known Exits Taken . | . . . Unknown Exits Taken 2 | 1 1 . Scrap Searched 1 | . . 1 Spaces Dug 1 | . 1 . Terrain Destroyed 3 | 2 1 . Melee . | . . . Projectile 1 | . 1 . AOE 2 | 2 . . Terrain Rammed . | . . . Walls Destroyed . | . . . Machines Disabled . | . . . Actions | -11 -10 -10 --------- Run | Yrd Mat Sub Total 2282 | 80 525 1677 Wait 43 | . 1 42 Move 2057 | 56 460 1541 Hop . | . . . Pick Up 12 | 5 5 2 Fast Attach 15 | 6 5 4 Attach 3 | 1 . 2 Detach . | . . . Swap 33 | 1 5 27 Drop 9 | . 3 6 Fire 110 | 11 46 53 Melee . | . . . Ram . | . . . Kick . | . . . Crush . | . . . Escape Stasis . | . . . Rewire . | . . . Trap . | . . . Miscellaneous . | . . . Route ------- -11/Scrapyard -10/Materials (discovered 3 exits: [*Mat] / [*Min] / *Sub) -10/Subcaves (discovered 1 exit: [*Mat]) History --------- Turn | Location | Event 2 | -11/Scrapyard | Met Revision 17 11 | -11/Scrapyard | Discovered new exit (range 15) 98 | -11/Scrapyard | Entered Materials 206 | -10/Materials | Discovered new exit (range 12) 311 | -10/Materials | Build established: Mutant 386 | -10/Materials | Discovered new exit (range 8) 459 | -10/Materials | Discovered new exit (range 15) 620 | -10/Materials | Entered Subcaves 621 | -10/Subcaves | Approached by a straggling Scientist 1610 | -10/Subcaves | Discovered new exit (range 15) 1845 | -10/Subcaves | Visited 4L-MR0's lab 1848 | -10/Subcaves | Learned Materials interactive machine intel 1859 | -10/Subcaves | Found Tower Shield 1953 | -10/Subcaves | Learned Materials stockpile data 2116 | -10/Subcaves | Core integrity fell below 50% 2220 | -10/Subcaves | A Subdweller sparked back to life 2220 | -10/Subcaves | A Subdweller sparked back to life 2220 | -10/Subcaves | A Subdweller sparked back to life 2233 | -10/Subcaves | Core integrity fell below 20% 2238 | -10/Subcaves | Destroyed by O2-PI1(R) with Subdweller Laser Last Messages --------------- Acquired derelict log, extracted data. Data stored: Materials stockpile data. Seismic Detector destroyed. Disposable Heat Sink melted. Sub. Power Source melted. 5N-UVQ(R) destroyed. Acquired 54 matter. Dropped Sub. Monowheel. Critical hit (Destroy). Beam Cannon destroyed. SG-079(R) destroyed. Acquired 50 matter. 04-SQW(R) creaks and sparks as it begins to move. RM-0WE(R) creaks and sparks as it begins to move. HL-LMD(R) creaks and sparks as it begins to move. Structural Scanner destroyed. Wheel destroyed. Map ----- +----------------------------------------------------+ | ?????## ####### #????????????????# #%# | | ?????# ## ## #####????????????????## ### # | | ?????# ##????????????????????# ??# # | | ?????##### ##????????????????????# ?? " | | ?????????## ####?????????????????# ??# # | | ??????????### #????????????????? ??### | | ??????????### #???????????????? #????? | | ??????????# ###???????????????? ?????? | | ??????????# ##?????????????????####?????? | | ??????????# #???????????????????????????? | | ??????????## ## #???????????????????????????? | | ???????????#### #???????????????????????????? | | ????????????## #???????????????????????????? | | ???????????## ### #???????????????????????????? | | ???????????# ## #???????????????????????????? | | ???????????## #### ##??????????????????????????? | | ???????????# #?## #??????????????????????????? | | ???????????# #### #??????????????????????????? | | ???????????# ## #??????????????????????????? | | ???????????# #??????????????????????????? | | ???????????### ### ##??????????????????????????? | | ?????????????###### ###################????????? | | ?????????????###### ###################????????? | | ???????#####? "## #### ### ##????????? | | ?????####### ##&## ### ##????????? | | ????##### #### ## @ ###????????? | | ????### ###" # ## R < ###?????????? | | ????## # ## # ### R ## &RR ###?????????? | | ????## # " " ### ##" R &#######??????? | | ????## ### ### ########?????? | | ????## ##### " # ## ###?????? | | ????##### #### ##?????? | | ???????### ### ###?????? | | ???????### ## ### ######?????? | | ??????### ### #### ######??????? | | ??????### ## #############?????????? | | ????#### ### ## #############??????????? | | ????##### ## ## ####????????????????????? | | ????## ## ###?????????????????????? | | ????### #### ###??????????????????????? | | ????### # ## ##########??????????????????????? | | ?????## ###############???????????????????????? | | ?????## ################??????????????????????? | | ????### #####! ########??????????????????????? | | ????### & & ##??????????????????????# | | ????## &= ##??????????????????????# | | ????## ### ####??????????????????????# | | ????## #### #####?????????????????###### | | ????## ##########??????????????????####### | | ????### #########??????????????????#### ## | +----------------------------------------------------+ Best States ------------- Heat Dissipation 25 Energy Generation 15 Energy Capacity 250 Matter Stores 300 Matter Capacity 300 Sight Range 16 Terrain Scan Density 10 Armor Coverage 150 Evasion (%) 55 Item Schematics ----------------- None Robot Schematics ------------------ None Fabricated ------------ Nothing Repaired ---------- Nothing Studied --------- None Alien Tech Used ----------------- None Achievements -------------- None Challenges ------------ None Game ------ Seed DisruptionPulsarChip Manual? 0 Play Time 00:34:50 Cumulative 72.6 hours Start 2026.07.25 @ 18:36:51 End 2026.07.25 @ 21:19:52 Sessions 1 Manual Loads 0 Difficulty Rogue Special Mode None Game No. 60 Rogue 26 Adventurer 34 Explorer 0 Win Type - Total 0 Types 0/0/0/0/0/0/0/0/0/0 Lore% 41 Gallery% 32 Achievement% 29 Wizard Run 0 Options --------- Layout 1 ASCII 0 Keyboard 1 Movement Numpad Keybinds 0 Fullscreen 1 Font 24/Smallcaps Map View 50x40 Zoom Use 5% Tactical HUD 0 Map Filters NONE Filters NONE Steam 1 RUN: f1a0fae7-a1a9-437d-bdcc-5a052d327b2f